 Dungeon Crawl Stone Soup version 0.27.1-1-g398f81649c (webtiles) character file.

Game seed: 11537231724972823160

431 Mysteryquy the Shield-Bearer (level 6, -3/39 HPs)
             Began as a Gargoyle Fighter on Sept 6, 2021.
             Slain by a gnoll sergeant (5 damage)
             ... on level 4 of the Dungeon.
             The game lasted 00:07:38 (4874 turns).

Mysteryquy the Shield-Bearer (Gargoyle Fighter)     Turns: 4874, Time: 00:07:38

Health: -3/39      AC: 11    Str: 22    XL:     6   Next: 99%
Magic:  6/6        EV:  8    Int:  8    God:
Gold:   136        SH: 10    Dex:  9    Spells: 5/5 levels left

rFire    . . .     SeeInvis .   a - +1 flail
rCold    . . .     Faith    .   c - +1 kite shield
rNeg     + . .     Spirit   .   b - +0 scale mail
rPois    ∞         Reflect  .   (no helmet)
rElec    +         Harm     .   (no cloak)
rCorr    .         Rampage  .   (no gloves)
Will     .....                  (no boots)
Stlth    ..........             (no amulet)
HPRegen  0.13/turn              (no ring)
MPRegen  0.10/turn              (no ring)

@: no status effects
A: sickness immunity, AC +4, negative energy resistance 1, electricity
resistance, torment resistance 1, petrification resistance
a: no special abilities


You were on level 4 of the Dungeon.
You visited 1 branch of the dungeon, and saw 5 of its levels.

You collected 136 gold pieces.

Inventory:

Hand Weapons
 a - a +1 flail (weapon)
 r - a +0 hunting sling
Missiles
 e - 65 stones
 g - 5 boomerangs (quivered)
Armour
 b - a +0 scale mail (worn)
 c - a +1 kite shield (worn)
Jewellery
 s - an amulet of the acrobat
Wands
 d - a wand of iceblast (7)
 p - a wand of polymorph (7)
Scrolls
 m - a scroll of identify
 o - 6 scrolls of teleportation
Potions
 f - 2 potions of curing
 h - a potion of haste {unknown}
 j - a potion of berserk rage {unknown}
 n - a potion of mutation {unknown}
 t - a potion of flight {unknown}


   Skills:
 + Level 4.3 Fighting
 + Level 4.4 Maces & Flails
 + Level 1.7 Slings
 + Level 4.5 Armour
 + Level 0.9 Dodging
 + Level 0.3 Stealth
 + Level 4.5 Shields


You had 5 spell levels left.
You didn't know any spells.
Your spell library was empty.

Dungeon Overview and Level Annotations

Branches:
Dungeon (5/15)
 Temple: D:4-7

Altars:
Ashenzari
Hepliaklqana


Innate Abilities, Weirdness & Mutations

You are immune to sickness and miasma.
Your stone body is resilient. (AC +4)
You are immune to poison.
You resist negative energy. (rN+)
You are resistant to electric shocks. (rElec)
You are resistant to unholy torment.
You are immune to petrification.


Message History

The gnoll closely misses you. The gnoll sergeant blocks your attack.
The gnoll sergeant completely misses you.
The gnoll hits you from afar with a +0 halberd.
The gnoll sergeant hits you but does no damage.
The gnoll sergeant blocks your attack. You block the gnoll's attack.
The gnoll sergeant hits you but does no damage.
You barely miss the gnoll sergeant. The gnoll barely misses you.
The gnoll sergeant completely misses you.
You block the gnoll's attack.
The gnoll sergeant hits you but does no damage.
You thump the gnoll sergeant!
The gnoll sergeant is heavily wounded.
You block the gnoll's attack.
The gnoll sergeant hits you with a +0 spear.
The gnoll sergeant blocks your attack.
The gnoll sergeant is heavily wounded.
The gnoll hits you but does no damage. You block the gnoll sergeant's attack.
You block the gnoll's attack. The gnoll sergeant blocks your attack.
The gnoll sergeant is heavily wounded.
The gnoll sergeant hits you with a +0 spear.
You block the gnoll's attack. The gnoll sergeant closely misses you.
You barely miss the gnoll sergeant.
The gnoll sergeant is heavily wounded.
You block the gnoll's attack.
The gnoll sergeant hits you with a +0 spear.
You sock the gnoll sergeant!
The gnoll sergeant is severely wounded.
The gnoll hits you from afar with a +0 halberd!
The gnoll sergeant hits you but does no damage.
The gnoll hits you from afar with a +0 halberd.
You block the gnoll sergeant's attack. The gnoll sergeant blocks your attack.
The gnoll sergeant is severely wounded.
The gnoll hits you from afar with a +0 halberd!
* * * LOW HITPOINT WARNING * * *
You block the gnoll sergeant's attack.
The gnoll sergeant hits you from afar with a +0 spear.
You die...

#.......# #...<...#
##.......# ...
#........+ #.#
#g.......# #.#
#g######## ######.# #g#
......##########g#######
#......##..[.@.........
#......##.###)#..######
#......##'###.####
##..........##..
#....<......#####
#[..[.......#######
#.####...#........# #
#....#...########.#
#.#....'...'....###


You could see a gnoll sergeant.

Vanquished Creatures
  Sigmund (D:3)
  A scorpion (D:4)
  An orc wizard (D:4)
  Robin (D:3)
  5 gnolls
  3 adders
  3 worms (D:2)
  9 orcs
  3 endoplasms
  6 giant cockroaches
  15 goblins
  5 hobgoblins
  5 quokkas
  8 ball pythons
  5 bats
  5 frilled lizards
  8 kobolds
  10 rats
94 creatures vanquished.

Notes
Turn   | Place    | Note
-------+----------+-------------------------------------------
     0 | D:1      | Mysteryquy the Gargoyle Fighter began the quest for the
                  | Orb.
     0 | D:1      | Reached XP level 1. HP: 14/14 MP: 1/1
   526 | D:1      | Reached XP level 2. HP: 11/19 MP: 2/2
   964 | D:1      | Reached XP level 3. HP: 23/23 MP: 3/3
  1134 | D:1      | Found a faded altar of an unknown god.
  1750 | D:2      | Reached XP level 4. HP: 24/29 MP: 4/4
  3068 | D:3      | Reached XP level 5. HP: 16/33 MP: 5/5
  3331 | D:3      | Found a broken altar of Ashenzari.
  3500 | D:3      | Noticed Sigmund
  3511 | D:3      | Killed Sigmund
  3512 | D:3      | Reached skill level 1 in Slings
  3512 | D:3      | Reached XP level 6. HP: 21/38 MP: 6/6
  3620 | D:3      | Noticed Robin
  3628 | D:3      | Killed Robin
  4331 | D:4      | Found a hazy altar of Hepliaklqana.
  4677 | D:5      | Entered Level 5 of the Dungeon
  4874 | D:4      | Slain by a gnoll sergeant

Illustrated notes

Levels and vault maps discovered:
D:1:      sevenhm_arrival_forest_fort_large_2, layout_rooms,
          dreamdust_ecumenical_altar_hidden_monk_grotto, skrybe_limestone_x,
          minmay_pentomino_s4
D:2:      layout_rooms, grunt_ministairs_7
D:3:      layout_rooms, ashenzari_conservatory_becter,
          amcnicky_mini_rare_corridor_liquid, uniq_robin, uniq_sigmund
D:4:      layout_basic, nicolae_hepliaklqana_hazy_memory
D:5:      layout_basic, minivault_25, uniq_ijyb

Skill      XL: |  1  2  3  4  5 |
---------------+----------------+-----
Maces & Flails | 3 4 |  4.4
Shields        | 4 |  4.5
Fighting       | 4 |  4.3
Slings         | 1 |  1.7
Armour         | 4 |  4.5
Dodging        | |  0.9
Stealth        | |  0.3

Action                   |  1- 3 |  4- 6 || total
-------------------------+-------+-------++-------
Melee: Flail             |   131 |   177 ||   308
 Fire: Hunting sling     |       |    16 ||    16
  Use: Potion            |       |     1 ||     1
       Scroll            |       |     7 ||     7
Armor: Scale mail        |    69 |   115 ||   184
Dodge: Dodged            |    27 |    68 ||    95
Block: Kite shield       |    69 |   121 ||   190
